AoeStats
← Rieg0 ♛

Black Forest

509182604Analyzed
2v2 RM · 6d ago on Sep 25, 2026· 87m 57s· 4 players
Game mode
Random Map
Map size
Medium (4 player)
Population
200
Speed
Normal
Resources
Standard
Victory
Conquest
Starting age
Dark Age
Ending age
Imperial Age
RankedLock teamsTeams togetherTeam positionsShared explorationLock speedFull tech treeHidden civsTurbo modeCheats
Victory
Defeat
🇦🇷 Turks · Argentina
1070
+13
🇦🇷 Mongols · Argentina
947
+18
🇪🇸 Bohemians · Spain
1041
-17
🇹🇷 Mongols · Türkiye
971
-14
INSANE-
3:10 Loom
11:45 Feudal Age
13:51 Wheelbarrow
14:25 Forging
18:42 Scale Barding Armor
21:26 Double-Bit Axe
26:31 Castle Age
25:15 Bloodlines
29:40 Husbandry
31:08 Hand Cart
32:36 Chain Barding Armor
32:52 Iron Casting
37:28 Town Watch
38:02 Bow Saw
47:31 Ballistics
46:52 Treadmill Crane
50:16 Imperial Age
49:55 Town Patrol
50:06 Caravan
51:35 Bombard Tower
51:26 Masonry
52:17 Stone Mining
52:18 Gold Mining
54:55 Coinage
54:36 Guilds
55:09 Architecture
54:51 Fortified Wall
54:36 Murder Holes
54:13 Heavy Camel Rider
56:12 Plate Barding Armor
56:36 Gold Shaft Mining
59:03 Blast Furnace
58:43 Banking
59:45 Fletching
59:55 Padded Archer Armor
61:50 Artillery
65:58 Conscription
65:39 Artillery
66:16 Hoardings
65:35 Heated Shot
75:50 Two-Man Saw
83:13 Elite Janissary
ElJefe
1:45 Loom
11:35 Feudal Age
17:08 Castle Age
15:00 Horse Collar
15:34 Double-Bit Axe
16:12 Gold Mining
17:35 Stone Mining
20:29 Bow Saw
22:30 Wheelbarrow
22:10 Heavy Plow
25:03 Stone Shaft Mining
25:01 Fletching
25:12 Padded Archer Armor
25:45 Bodkin Arrow
27:48 Thumb Ring
28:49 Gold Shaft Mining
29:45 Leather Archer Armor
31:03 Ballistics
34:17 Imperial Age
33:19 Hand Cart
35:56 Capped Ram
37:28 Drill
37:30 Conscription
37:32 Bloodlines
37:28 Husbandry
36:53 Siege Ram
38:15 Parthian Tactics
39:47 Chemistry
38:31 Heavy Cavalry Archer
40:09 Town Watch
44:30 Onager
45:55 Siege Onager
49:51 Bracer
49:55 Light Cavalry
50:00 Elite Mangudai
52:38 Caravan
57:54 Coinage
60:33 Town Patrol
60:05 Hussar
72:03 Banking
74:14 Forging
74:04 Scale Mail Armor
74:09 Scale Barding Armor
74:49 Nomads
75:43 Iron Casting
75:18 Scale Barding Armor
75:53 Chain Mail Armor
78:27 Hoardings
77:24 Sappers
79:02 Blast Furnace
78:23 Chain Barding Armor
Rieg0 ♛
11:49 Feudal Age
16:21 Castle Age
16:03 Double-Bit Axe
17:12 Scale Barding Armor
17:19 Forging
17:36 Horse Collar
24:30 Heavy Plow
25:21 Bow Saw
28:09 Wheelbarrow
28:08 Town Watch
29:54 Hand Cart
33:12 Husbandry
37:18 Light Cavalry
45:44 Imperial Age
44:22 Chain Barding Armor
44:38 Iron Casting
45:20 Redemption
46:44 Chemistry
46:05 Cavalier
48:58 Blast Furnace
54:29 Elite Skirmisher
55:19 Padded Archer Armor
58:10 Ballistics
57:56 Siege Engineers
60:12 Houfnice
61:24 Conscription
61:30 Hussite Reforms
66:42 Theocracy
71:46 Pikeman
73:24 Squires
74:17 Block Printing
74:18 Fervor
76:06 Halberdier
76:32 Arson
76:57 Scale Mail Armor
86:26 Sappers
RoadRunner
0:45 Loom
11:05 Feudal Age
13:05 Double-Bit Axe
12:54 Man-at-Arms
13:29 Horse Collar
15:17 Arson
17:29 Forging
29:26 Castle Age
27:30 Scale Mail Armor
28:56 Gold Mining
29:54 Long Swordsman
30:36 Squires
30:54 Chain Mail Armor
31:15 Iron Casting
30:26 Pikeman
Connection lost

Rejoining the realm…

Still unreachable

The connection could not be restored.

Session expired

The server has moved on; the page needs a fresh start.